 Dungeon Crawl Stone Soup version 0.21.1-1-g345015f (console) character file.

88 fly the Charmwright (level 4, 0/34 HPs)
             Began as a Human Skald on June 8, 2018.
             Splashed by a jelly's acid (8 damage)
             ... on level 2 of the Dungeon.
             The game lasted 00:02:41 (2771 turns).

fly the Charmwright (Human Skald)                   Turns: 2771, Time: 00:02:42

Health: 0/34       AC: -1    Str: 12    XL:     4   Next: 81%
Magic:  7/7        EV: 12    Int: 14    God:
Gold:   72         SH:  0    Dex: 12    Spells: 6/7 levels left

rFire    + . .     SeeInvis .   a - +0 mace
rCold    + . .     Gourm    .   (no shield)
rNeg     . . .     Faith    .   y - +0 leather armour
rPois    .         Spirit   .   (no helmet)
rElec    .         Reflect  .   q - scarf {rC+ rF+}
rCorr    .         Harm     .   r - +0 pair of gloves
MR       .....                  o - +1 pair of boots
Stlth    +.........             (no amulet)
HPRegen  0.11/turn              (no ring)
MPRegen  0.10/turn              (no ring)

@: corroded
A: no striking features
a: no special abilities


You were on level 2 of the Dungeon.
You were not hungry.

You visited 1 branch of the dungeon, and saw 2 of its levels.

You collected 72 gold pieces.

Inventory:

Hand Weapons
 a - a +0 mace (weapon)
Armour
 o - a +1 pair of boots (worn)
 q - a scarf of resistance (worn)
 r - a +0 pair of gloves (worn)
 y - a +0 leather armour (worn)
Wands
 k - a wand of iceblast (8)
Scrolls
 b - a scroll of enchant weapon {unknown}
 g - 3 scrolls of identify {unknown}
 h - 4 scrolls of remove curse {unknown}
 j - a scroll of immolation {unknown}
Potions
 e - a potion of heal wounds {unknown}
 f - 2 potions of curing {unknown}
 i - 2 potions of haste {unknown}
Books
 c - a book of Battle

   Spells                             Type                      Level
   a - Infusion                       Charms                       1
   b - Shroud of Golubria             Charms/Translocation         2
   c - Song of Slaying                Charms                       2
   d - Spectral Weapon                Hexes/Charms                 3
   e - Regeneration                   Charms/Necromancy            3
Comestibles
 d - 4 rations


   Skills:
 + Level 2.4 Fighting
 - Level 3.0 Maces & Flails
 * Level 2.3 Armour
 + Level 2.4 Dodging
 + Level 2.3 Spellcasting
 - Level 3.0 Charms


You had 6 spell levels left.
You knew the following spells:

 Your Spells              Type           Power        Failure   Level  Hunger
z - Infusion              Chrm           ##..         9%          1    #......


Dungeon Overview and Level Annotations

Branches:
Dungeon (2/15)

Altars:


Message History

There is an open door here.
You sock the ooze!
The ooze is heavily wounded.
The ooze hits you. The ooze hits you but does no damage.
You hit the ooze.
You kill the ooze!
You thump the jelly! The acid corrodes you!
Your hands burn!
The jelly is heavily wounded.
The jelly hits you.
You are splashed with acid!
The acid burns!
You hit the jelly but do no damage.
Your hands burn!
The jelly is heavily wounded.
The jelly barely misses you.
You hit the jelly.
Your hands burn!
* * * LOW HITPOINT WARNING * * *
The jelly is heavily wounded.
The jelly hits you.
* * * LOW HITPOINT WARNING * * *
The acid corrodes you!
You are splashed with acid!
The acid burns!
You die...

##.....## #######..
#.......# #####..
#.......# ###......
#.......# #........
#.......# #........
#....#### ##........
#....'..###.........
########.##..#'###..
##J@.)..###..#.# #..
#J####### #..#.#####
#J÷..÷JJ..
#).#.#....
#J....P...
#)<#.#....
#÷P...PJP.
#.##.#....
#.....P...
#....#....
#.P.P.÷..J
######....
#÷P..÷P..) #....
########## #....


You could see a jelly and 2 oozes.

Vanquished Creatures
  2 adders (D:2)
  2 oozes (D:2)
  A worm (D:2)
  2 leopard geckos (D:1)
  4 giant cockroaches
  10 goblins
  3 hobgoblins
  3 jackals (D:2)
  5 bats
  3 frilled lizards
  14 kobolds
  7 rats
56 creatures vanquished.

Vanquished Creatures (others)
  8 toadstools (D:2)
8 creatures vanquished.

Grand Total: 64 creatures vanquished

Notes
Turn   | Place    | Note
-------+----------+-------------------------------------------
     0 | D:1      | fly the Human Skald began the quest for the Orb.
     0 | D:1      | Reached XP level 1. HP: 16/16 MP: 3/3
     7 | D:1      | Noticed a polar bear
     7 | D:1      | Noticed a hog
     7 | D:1      | Noticed a salamander
     9 | D:1      | Noticed a four-headed hydra
   276 | D:1      | Reached XP level 2. HP: 5/22 MP: 5/5
   848 | D:1      | Reached XP level 3. HP: 19/27 MP: 6/6
  1867 | D:2      | Reached XP level 4. HP: 33/33 MP: 7/7
  2771 | D:2      | Splashed by a jelly's acid

Skill      XL: |  1  2  3  4 |
---------------+-------------+-----
Maces & Flails | 3 |  3.0
Armour         | 2 |  2.3
Fighting       | |  2.4
Dodging        | |  2.4
Spellcasting   | |  2.3
Charms         | |  3.0

Action                   |  1- 3 |  4- 6 || total
-------------------------+-------+-------++-------
Melee: Mace              |   136 |    59 ||   195
 Stab: Sleeping          |     1 |       ||     1
  Eat: Chunk             |     3 |     3 ||     6
Armor: Leather armour    |    33 |    16 ||    49
Dodge: Dodged            |   102 |    48 ||   150
